TOP OF THE 1ST |
Batavia Muckdogs batting - Pitching for West Virginia Black Bears : RHP Nick Lockwood
|
Pitching: RHP Nick Lockwood
|
|
Batting: RHB Calvin Morin
|
0-0: Ball 1-0: Ball 2-0: Ground out 6-3 (Groundball, 6, EV 85.6 MPH)
|
Batting: LHB David Doge
|
0-0: Called Strike 0-1: Ground out 4-3 (Groundball, 4, EV 85.6 MPH)
|
Batting: RHB Jim Fisher
|
0-0: Fly out, F7 (Flyball, 7S, EV 95.0 MPH)
|
Top of the 1st over - 0 runs, 0 hits, 0 errors, 0 left on base; Batavia 0 - West Virginia 0 |
BOTTOM OF THE 1ST |
West Virginia Black Bears batting - Pitching for Batavia Muckdogs : RHP James Bitner
|
Pitching: RHP James Bitner
|
|
Batting: LHB Donald Imre
|
0-0: Ball 1-0: Ball 2-0: Swinging Strike 2-1: Ball 3-1: Base on Balls
|
Batting: LHB Gregg Kellerman
|
0-0: Ball 1-0: Called Strike 1-1: Ball 2-1: Called Strike 2-2: DOUBLE (Line Drive, 9LM, EV 104.4 MPH) Donald Imre to third
|
Batting: RHB Jose Almonte
|
0-0: Called Strike 0-1: Ball 1-1: Fly out, F7 (Flyball, 7LM, EV 103.1 MPH)
|
Batting: SHB Mike Corley
|
0-0: Ground out 4-3 (Groundball, 34, EV 106.3 MPH) Donald Imre scores Gregg Kellerman to third
|
Batting: RHB Chris Pozzi
|
0-0: Ball 1-0: Foul Ball, location: 2F 1-1: Ground out 6-3 (Groundball, 56D, EV 86.3 MPH)
|
Bottom of the 1st over - 1 run, 1 hit, 0 errors, 1 left on base; Batavia 0 - West Virginia 1 |
TOP OF THE 2ND |
Batavia Muckdogs batting - Pitching for West Virginia Black Bears : RHP Nick Lockwood
|
Batting: RHB Len Graham
|
0-0: Ball 1-0: Foul Ball, location: 2F 1-1: Swinging Strike 1-2: Strikes out swinging
|
Batting: LHB Ryan Thompson
|
0-0: Called Strike 0-1: Ground out 5-3 (Groundball, 6S, EV 81.3 MPH)
|
Batting: RHB Nate Crofts
|
0-0: Called Strike 0-1: Swinging Strike 0-2: Strikes out swinging
|
Top of the 2nd over - 0 runs, 0 hits, 0 errors, 0 left on base; Batavia 0 - West Virginia 1 |
BOTTOM OF THE 2ND |
West Virginia Black Bears batting - Pitching for Batavia Muckdogs : RHP James Bitner
|
Batting: RHB John Goynes
|
0-0: Ball 1-0: Ball 2-0: Ball 3-0: Called Strike 3-1: Fly out, F8 (Flyball, 8LD, EV 99.4 MPH)
|
Batting: RHB Freddy Quintero
|
0-0: Fly out, F4 (Flyball, 4MD, EV 91.3 MPH)
|
Batting: RHB Richard Barrios
|
0-0: Fly out, F7 (Line Drive, 7, EV 108.8 MPH)
|
Bottom of the 2nd over - 0 runs, 0 hits, 0 errors, 0 left on base; Batavia 0 - West Virginia 1 |
TOP OF THE 3RD |
Batavia Muckdogs batting - Pitching for West Virginia Black Bears : RHP Nick Lockwood
|
Batting: RHB Hiromitsu Yamada
|
0-0: Called Strike 0-1: Foul Ball, location: 2F 0-2: Fly out, F8 (Flyball, 8RS, EV 78.8 MPH)
|
Batting: RHB Jeremy Dennis
|
0-0: Called Strike 0-1: Ground out 5-3 (Groundball, 56S, EV 75.6 MPH)
|
Batting: RHB Jose Trevino
|
0-0: Ball 1-0: Ball 2-0: Ball 3-0: Called Strike 3-1: Called Strike 3-2: Foul Ball, location: 2F 3-2: Strikes out swinging
|
Top of the 3rd over - 0 runs, 0 hits, 0 errors, 0 left on base; Batavia 0 - West Virginia 1 |
BOTTOM OF THE 3RD |
West Virginia Black Bears batting - Pitching for Batavia Muckdogs : RHP James Bitner
|
Batting: RHB Junki Nakamoto
|
0-0: Swinging Strike 0-1: Ball 1-1: Ball 2-1: Ball 3-1: Base on Balls
|
Batting: LHB Donald Imre
|
0-0: Ball Wild Pitch! Junki Nakamoto to second 1-0: SINGLE (Line Drive, 89S, EV 111.3 MPH) Junki Nakamoto to third
|
Batting: LHB Gregg Kellerman
|
0-0: Swinging Strike 0-1: DOUBLE (Line Drive, 9LS, EV 100.0 MPH) Junki Nakamoto scores Donald Imre to third
|
Batting: RHB Jose Almonte
|
0-0: SINGLE (Flyball, 7S, EV 88.8 MPH) Donald Imre scores Gregg Kellerman to third
|
Batting: SHB Mike Corley
|
0-0: Swinging Strike 0-1: Ball 1-1: Ball Wild Pitch! Gregg Kellerman scores Jose Almonte to second 2-1: Called Strike 2-2: Ball 3-2: Base on Balls
|
Batting: RHB Chris Pozzi
|
0-0: Ball 1-0: Ball 2-0: Swinging Strike 2-1: Swinging Strike 2-2: Foul Ball, location: 2F 2-2: Ball 3-2: Base on Balls Jose Almonte to third Mike Corley to second
|
Batting: RHB John Goynes
|
0-0: Called Strike 0-1: Foul Ball, location: 2F 0-2: Strikes out swinging
|
Batting: RHB Freddy Quintero
|
0-0: Foul Ball, location: 2F 0-1: SINGLE (Groundball, 6MD, EV 106.3 MPH) Jose Almonte scores Mike Corley to third Chris Pozzi to second Runner from 3rd tries for Home, SAFE, throw by CF to home
|
Pitching: RHP Scott Feltham
|
|
Batting: RHB Richard Barrios
|
0-0: Called Strike 0-1: Ball 1-1: Called Strike 1-2: Ball 2-2: Foul Ball, location: 2F 2-2: Strikes out swinging
|
Batting: RHB Junki Nakamoto
|
0-0: Ball 1-0: Hit by Pitch Chris Pozzi to third Freddy Quintero to second
|
Batting: LHB Donald Imre
|
0-0: Ball 1-0: Ground out 6-3 (Groundball, 56, EV 100.6 MPH)
|
Bottom of the 3rd over - 5 runs, 4 hits, 0 errors, 3 left on base; Batavia 0 - West Virginia 6 |
TOP OF THE 4TH |
Batavia Muckdogs batting - Pitching for West Virginia Black Bears : RHP Nick Lockwood
|
Batting: RHB Calvin Morin
|
0-0: Foul Ball, location: 2F 0-1: Called Strike 0-2: Ball 1-2: Ball 2-2: Strikes out swinging
|
Batting: LHB David Doge
|
0-0: Foul Ball, location: 2F 0-1: Swinging Strike 0-2: Strikes out looking
|
Batting: RHB Jim Fisher
|
0-0: Foul Ball, location: 2F 0-1: Called Strike 0-2: Ball 1-2: Foul Ball, location: 2F 1-2: Ground out 4-3 (Groundball, 4, EV 76.3 MPH)
|
Top of the 4th over - 0 runs, 0 hits, 0 errors, 0 left on base; Batavia 0 - West Virginia 6 |
BOTTOM OF THE 4TH |
West Virginia Black Bears batting - Pitching for Batavia Muckdogs : RHP Scott Feltham
|
Batting: LHB Gregg Kellerman
|
0-0: Called Strike 0-1: Fly out, F7 (Flyball, 7S, EV 92.5 MPH)
|
Batting: RHB Jose Almonte
|
0-0: Called Strike 0-1: Ball 1-1: Ball 2-1: Foul Ball, location: 2F 2-2: Ground out 6-3 (Groundball, 6, EV 105.0 MPH)
|
Batting: SHB Mike Corley
|
0-0: Called Strike 0-1: Swinging Strike 0-2: Foul Ball, location: 2F 0-2: Ball 1-2: SINGLE (Groundball, 25, EV 67.5 MPH) (infield hit)
|
Batting: RHB Chris Pozzi
|
0-0: Ball 1-0: Ball 2-0: Ball 3-0: Called Strike 3-1: Base on Balls Mike Corley to second
|
Batting: RHB John Goynes
|
0-0: Called Strike 0-1: Fly out, F7 (Flyball, 78M, EV 86.9 MPH)
|
Bottom of the 4th over - 0 runs, 1 hit, 0 errors, 2 left on base; Batavia 0 - West Virginia 6 |
TOP OF THE 5TH |
Batavia Muckdogs batting - Pitching for West Virginia Black Bears : RHP Nick Lockwood
|
Batting: RHB Len Graham
|
0-0: Called Strike 0-1: Foul Ball, location: 2F 0-2: Foul Ball, location: 2F 0-2: Foul Ball, location: 2F 0-2: Ball 1-2: Ground out 4-3 (Groundball, 4, EV 90.0 MPH)
|
Batting: LHB Ryan Thompson
|
0-0: DOUBLE (Line Drive, 7LM, EV 100.0 MPH)
|
Batting: RHB Nate Crofts
|
0-0: Called Strike 0-1: Ball 1-1: Fly out, F8 (Line Drive, 8LM, EV 86.9 MPH)
|
Batting: RHB Hiromitsu Yamada
|
0-0: Called Strike 0-1: Foul Ball, location: 2F 0-2: Foul Ball, location: 2F 0-2: Ball 1-2: Foul Ball, location: 2F 1-2: Foul Ball, location: 2F 1-2: Ball 2-2: Ball 3-2: Ground out 3-1 (Groundball, 34S, EV 86.3 MPH)
|
Top of the 5th over - 0 runs, 1 hit, 0 errors, 1 left on base; Batavia 0 - West Virginia 6 |
BOTTOM OF THE 5TH |
West Virginia Black Bears batting - Pitching for Batavia Muckdogs : RHP Scott Feltham
|
Batting: RHB Freddy Quintero
|
0-0: Ball 1-0: Ball 2-0: Foul Ball, location: 2F 2-1: Foul Ball, location: 2F 2-2: Strikes out swinging, 2-3 out at first.
|
Batting: RHB Richard Barrios
|
0-0: Foul Ball, location: 2F 0-1: Ball 1-1: Ground out 5-3 (Groundball, 5L, EV 110.0 MPH)
|
Batting: RHB Junki Nakamoto
|
0-0: Swinging Strike 0-1: Ball 1-1: SINGLE (Groundball, P, EV 89.4 MPH) (infield hit)
|
Batting: LHB Donald Imre
|
0-0: Ball Junki Nakamoto steals 2nd base 1-0: Ball 2-0: Ball 3-0: Base on Balls
|
Batting: LHB Gregg Kellerman
|
0-0: Ball 1-0: Called Strike 1-1: Foul Ball, location: 2F 1-2: Foul Ball, location: 2F Balk! Junki Nakamoto to third Donald Imre to second 1-2: Strikes out looking
|
Bottom of the 5th over - 0 runs, 1 hit, 0 errors, 2 left on base; Batavia 0 - West Virginia 6 |
TOP OF THE 6TH |
Batavia Muckdogs batting - Pitching for West Virginia Black Bears : RHP Nick Lockwood
|
Batting: RHB Jeremy Dennis
|
0-0: Ball 1-0: Ground out 5-3 (Groundball, 56, EV 81.9 MPH)
|
Batting: RHB Jose Trevino
|
0-0: Ball 1-0: Ball 2-0: Ball 3-0: Called Strike 3-1: Called Strike 3-2: Ground out 6-3 (Groundball, P, EV 87.5 MPH)
|
Batting: RHB Calvin Morin
|
0-0: Ball 1-0: Ground out 6-3 (Groundball, 6, EV 81.9 MPH)
|
Top of the 6th over - 0 runs, 0 hits, 0 errors, 0 left on base; Batavia 0 - West Virginia 6 |
BOTTOM OF THE 6TH |
West Virginia Black Bears batting - Pitching for Batavia Muckdogs : RHP Scott Feltham
|
Batting: RHB Jose Almonte
|
0-0: Ball 1-0: Foul Ball, location: 2F 1-1: Foul Ball, location: 2F 1-2: Ground out 5-3 (Groundball, 5L, EV 86.3 MPH)
|
Batting: SHB Mike Corley
|
0-0: Ground out 4-3 (Groundball, 34D, EV 81.9 MPH)
|
Batting: RHB Chris Pozzi
|
0-0: Foul Ball, location: 2F 0-1: Ball 1-1: Swinging Strike 1-2: Foul Ball, location: 2F 1-2: Ball 2-2: Strikes out looking
|
Bottom of the 6th over - 0 runs, 0 hits, 0 errors, 0 left on base; Batavia 0 - West Virginia 6 |
TOP OF THE 7TH |
Batavia Muckdogs batting - Pitching for West Virginia Black Bears : RHP Nick Lockwood
|
Batting: LHB David Doge
|
0-0: Called Strike 0-1: DOUBLE (Flyball, 8RXD, EV 99.4 MPH)
|
Batting: RHB Jim Fisher
|
0-0: Ball 1-0: Ball 2-0: Called Strike David Doge steals 3rd base 2-1: Ball 3-1: Base on Balls
|
Batting: RHB Len Graham
|
0-0: Ball 1-0: Ball 2-0: Foul Ball, location: 2F 2-1: Foul Ball, location: 2F 2-2: Ball 3-2: SINGLE (Line Drive, 8LS, EV 88.8 MPH) David Doge scores Jim Fisher to second Runner from 2nd tries for 3rd, SAFE, no throw by CF
|
Batting: LHB Ryan Thompson
|
0-0: Foul Ball, location: 2F 0-1: Ball 1-1: Ball Len Graham steals 2nd base 2-1: Foul Ball, location: 2F 2-2: Ball 3-2: Strikes out swinging
|
Batting: RHB Nate Crofts
|
0-0: Called Strike 0-1: Swinging Strike 0-2: Strikes out swinging
|
Batting: RHB Hiromitsu Yamada
|
0-0: Fly out, F8 (Line Drive, 8LM, EV 109.4 MPH)
|
Top of the 7th over - 1 run, 2 hits, 0 errors, 2 left on base; Batavia 1 - West Virginia 6 |
BOTTOM OF THE 7TH |
West Virginia Black Bears batting - Pitching for Batavia Muckdogs : RHP Scott Feltham
|
Batting: RHB John Goynes
|
0-0: Ground out 5-3 (Groundball, 56, EV 105.0 MPH)
|
Batting: RHB Freddy Quintero
|
0-0: Swinging Strike 0-1: Foul Ball, location: 2F 0-2: Ball 1-2: Ball 2-2: Foul Ball, location: 2F 2-2: Strikes out swinging
|
Batting: RHB Richard Barrios
|
0-0: Swinging Strike 0-1: Swinging Strike 0-2: Ball 1-2: Ground out 6-3 (Groundball, 6, EV 88.1 MPH)
|
Bottom of the 7th over - 0 runs, 0 hits, 0 errors, 0 left on base; Batavia 1 - West Virginia 6 |
TOP OF THE 8TH |
Batavia Muckdogs batting - Pitching for West Virginia Black Bears : RHP Nick Lockwood
|
Pitching: RHP Yuan-zhang Pi
|
|
Pinch Hitting: LHB Andrew van Dongen
|
0-0: Ground out U3 (Groundball, 3L, EV 83.1 MPH)
|
Pinch Hitting: LHB Carlos Mosqueda
|
0-0: Ball 1-0: Foul Ball, location: 2F 1-1: Foul Ball, location: 2F 1-2: SOLO HOME RUN (Flyball, 9D, EV 97.5 MPH), Distance : 382 ft
|
Pinch Hitting: SHB Dan Zink
|
0-0: Foul Ball, location: 2F 0-1: Ball 1-1: Ball 2-1: Ground out 4-3 (Groundball, 4S, EV 86.3 MPH)
|
Batting: LHB David Doge
|
0-0: SINGLE (Groundball, 4MD, EV 96.3 MPH)
|
Batting: RHB Jim Fisher
|
0-0: Called Strike 0-1: Foul Ball, location: 2F 0-2: Ball 1-2: Fly out, F8 (Flyball, 78M, EV 96.3 MPH)
|
Top of the 8th over - 1 run, 2 hits, 0 errors, 1 left on base; Batavia 2 - West Virginia 6 |
BOTTOM OF THE 8TH |
West Virginia Black Bears batting - Pitching for Batavia Muckdogs : RHP Scott Feltham
|
Pitching: RHP Ryan Babbitt
|
|
Now at 2B: Larry LeFever
|
|
Now at 3B: Joe Lightell
|
|
Now in CF: David Doge
|
|
Now in RF: Dan Zink
|
|
Batting: RHB Junki Nakamoto
|
0-0: Foul Ball, location: 2F 0-1: Called Strike 0-2: Foul Ball, location: 2F 0-2: Strikes out swinging
|
Batting: LHB Donald Imre
|
0-0: Ball 1-0: Called Strike 1-1: Ground out 4-3 (Groundball, 4, EV 83.1 MPH)
|
Batting: LHB Gregg Kellerman
|
0-0: DOUBLE (Flyball, 78D, EV 93.1 MPH)
|
Batting: RHB Jose Almonte
|
0-0: Ball 1-0: Swinging Strike 1-1: Foul Ball, location: 2F 1-2: Foul Ball, location: 2F 1-2: Foul Ball, location: 2F 1-2: Ball 2-2: DOUBLE (Groundball, 5L, EV 100.6 MPH) Gregg Kellerman scores
|
Batting: SHB Mike Corley
|
0-0: Called Strike 0-1: Ball 1-1: DOUBLE (Line Drive, 7LM, EV 90.6 MPH) Jose Almonte scores
|
Batting: RHB Chris Pozzi
|
0-0: Ball 1-0: Called Strike 1-1: Ball 2-1: Swinging Strike 2-2: Strikes out swinging
|
Bottom of the 8th over - 2 runs, 3 hits, 0 errors, 1 left on base; Batavia 2 - West Virginia 8 |
TOP OF THE 9TH |
Batavia Muckdogs batting - Pitching for West Virginia Black Bears : RHP Yuan-zhang Pi
|
Batting: RHB Len Graham
|
0-0: Ball 1-0: Swinging Strike 1-1: Ball 2-1: Foul Ball, location: 2F 2-2: Strikes out swinging
|
Batting: LHB Ryan Thompson
|
0-0: Foul Ball, location: 2F 0-1: Ball 1-1: Foul Ball, location: 2F 1-2: Ball 2-2: Hit by Pitch
|
Batting: RHB Nate Crofts
|
0-0: Ball Wild Pitch! Ryan Thompson to second 1-0: Foul Ball, location: 2F 1-1: Swinging Strike 1-2: Ball 2-2: Foul Ball, location: 2F 2-2: Strikes out swinging
|
Batting: RHB Hiromitsu Yamada
|
0-0: Swinging Strike 0-1: Foul Ball, location: 2F 0-2: Ball 1-2: Foul Ball, location: 2F 1-2: Ball 2-2: Strikes out swinging, 2-3 out at first.
|
Top of the 9th over - 0 runs, 0 hits, 0 errors, 1 left on base; Batavia 2 - West Virginia 8 |
|